Winsalmostnever, neutral male human Tourist ------------ ------- |....>.....-######-......## -------------- |..........| ##|.....|#####.............| |..........| ##|......# |............| --------.--- ------- ........{....| # ---|---------- # #### ### # # ### ## # ----|------ ## |....<....| ---|- |.........| @|..).## |.......... q|.).| ----------- ##|..)| #.).)| ###----- Winsalmostnever the Sightseer Experience level: 4 Strength: 13 Dexterity: 8 Constitution: 14 Intelligence: 10 Wisdom: 13 Charisma: 17 Health: 0(48) Energy: 21(21) Def: 1 Gold: 1001 Moves: 1435 Dungeon seed: 2eJXMyu9a-Z75NPX Game ID: Winsalmostnever_1709481064 Your Inventory: Coins $ - 1001 gold pieces Amulets D - an uncursed amulet versus poison (being worn) Weapons a - 23 uncursed +2 darts (in quiver) t - an uncursed +0 orcish dagger (weapon in hand) x - 20 uncursed +0 darts Armor e - an uncursed +0 Hawaiian shirt (being worn) r - an uncursed +0 orcish helm (being worn) Comestibles b - an uncursed banana c - 10 uncursed food rations d - an uncursed tripe ration f - an uncursed cram ration p - an uncursed lichen corpse q - an uncursed Drug C - 2 uncursed food rations Scrolls h - 4 uncursed scrolls of magic mapping s - an uncursed scroll of confuse monster u - 2 uncursed scrolls of identify A - an uncursed scroll of teleportation E - an uncursed scroll of amnesia F - an uncursed scroll of genocide Potions o - an uncursed potion of booze w - an uncursed potion of gain energy Rings B - an uncursed ring of protection from shape changers (on left hand) Tools i - an uncursed credit card j - an uncursed expensive camera (0:74) k - an uncursed leash l - an uncursed magic marker (0:0) m - an uncursed tin opener n - an uncursed towel z - an uncursed magic marker (0:34) Spells and supernatural/magical abilities: Name Level Category Cost Memory W - pray for help -- divine ? -- Your skills at the end: Fighting Skills wands [Basic] Weapon Skills dart [Basic] Spellcasting Skills Final Attributes: You were piously aligned. You were immune to poison. You were protected from shape changers. The Lady was noncommittal. You are dead. Vanquished creatures: a little dog a homunculus a rothe a giant bat a large kobold 3 giant rats a brown mold 2 geckos 5 jackals a fox 2 kobolds 2 goblins 2 sewer rats 3 grid bugs 3 lichens a newt 30 creatures vanquished. Voluntary challenges: You were an atheist. You used a wielded weapon 5 times, starting on turn 836. You read items or engraved 2 times, starting on turn 924. You never genocided any monsters. You never polymorphed an object. You never changed form. You used no wishes. You never split a pudding. You never wrote Elbereth's name. You never violated your personal moral code. Dungeon overview: The Dungeons of Doom: levels 1 to 4 Level 1 a fountain a long staircase Level 2 Level 3 a general store Level 4 <- You were here some fountains History has recorded: On T:1 you entered the Dungeons of Doom to retrieve the Amulet of Yendor! On T:422 you reached level 2 of The Dungeons of Doom. On T:725 you advanced to experience level 2. On T:795 you reached level 3 of The Dungeons of Doom. On T:978 you advanced to experience level 3. On T:1232 you reached level 4 of The Dungeons of Doom. On T:1364 you advanced to experience level 4. Score breakdown: Gold: 52 ( 5865 points) Experience: 4 levels ( 9649 points) Exploration: 4 levels ( 8.33%) ( 7579 points) Discoveries: 8 items ( 2.64%) ( 4874 points) Valuables value: (no points given unless you survive) Artifact value: 0 ( 0 points) Variety of kills: 16 monsters ( 4.21%) ( 6155 points) Turncount: 1435 turns ( 0 points) Survival: died (score multiplied by 80%) Total score: 27297 Latest messages: The rothe hits! The rothe bites! (2x) The dart hits the rothe. The dart hits the rothe. The rothe hits! The rothe bites! (2x) The rothe is blinded by the flash! The rothe is blinded. The rothe hits! The rothe bites! (2x) You kill the rothe! (2x) The dart hits the rothe. The rothe bumps right into you! The dart hits the rothe. The rothe hits! The rothe bites! You die... Final status: Aloha Winsalmostnever the Tourist, killed by a rothe... You died in The Dungeons of Doom on dungeon level 4 with 27297 points, and 1001 pieces of gold, after 1435 moves. You were level 4 with a maximum of 48 hit points when you died.